General information
			
			
        
        - name: BNet
 
        - type: Ladder team game (AT/RT)
 
        - host: Battle.net
 
        - saver: timisgay.ro
 
        
map: Mur'gulOasis 
        - players: 8
 
        - length: 51:48
 
        - speed: Fast
 - version: 1.22 W3XP
 - replay type:  Public
 
» download(474 KB)
Players
        team 1 (winner) 
              
              
» 
LetsPlayDota.se (
yellow | 91 APM | 4688 actions | 51:47)
              
 6 Blademaster 
 3 Wind Walk
 2 Critical Strike
 1 Bladestorm
 5 Pandaren Brewmaster 
 3 Breath of Fire
 2 Drunken Brawler
 
                » actions 
                
                | Assign group hotkey | 10 |  | 
| Basic commands | 74 |  | 
| Build / train | 58 |  | 
| Enter build submenu | 25 |  | 
| Enter hero's abilities submenu | 11 |  | 
| Give item / drop item | 14 |  | 
| Right click | 2764 |  | 
| Select / deselect | 212 |  | 
| Select group hotkey | 1278 |  | 
| Use ability | 242 |  | 
                4688 total
 » units 
                » upgrades
                
                | Reinforced Defenses | 1 |  | 
| Spiked Barricades | 1 |  | 
                2 total
 » buildings
                
                | Altar of Storms | 1 |  | 
| Orc Burrow | 4 |  | 
| Voodoo Lounge | 4 |  | 
| Stronghold | 1 |  | 
| War Mill | 1 |  | 
| Watch Tower | 4 |  | 
| Beastiary | 3 |  | 
| Fortress | 1 |  | 
| Great Hall | 1 |  | 
                20 total
 » build order
                00:06 Altar of Storms
00:10 Orc Burrow
00:41 Voodoo Lounge
02:13 Orc Burrow
06:10 Stronghold
07:08 War Mill
07:15 Orc Burrow
07:16 Orc Burrow
08:27 Watch Tower
08:27 Watch Tower
08:34 Beastiary
08:43 Watch Tower
08:48 Watch Tower
09:01 Fortress
10:19 Beastiary
13:41 Voodoo Lounge
13:45 Voodoo Lounge
13:47 Voodoo Lounge
21:20 Great Hall
23:07 Beastiary
» items
                
                | Boots of Speed | 2 |  | 
| Staff of Teleportation | 2 |  | 
| Dust of Appearance | 1 |  | 
| Healing Salve | 2 |  | 
| Lesser Clarity Potion | 6 |  | 
| Orb of Lightning | 2 |  | 
| Potion of Mana | 1 |  | 
| Staff of Sanctuary | 1 |  | 
                17 total
  
               
              
              
MrGoodmanners (
pink | 116 APM | 6029 actions | 51:47)
              
 8 Mountain King 
 3 Storm Bolt
 2 Thunder Clap
 2 Bash
 1 Avatar
 
                » actions 
                
                | Assign group hotkey | 650 |  | 
| Basic commands | 18 |  | 
| Build / train | 217 |  | 
| Enter build submenu | 108 |  | 
| Enter hero's abilities submenu | 8 |  | 
| Right click | 2743 |  | 
| Select / deselect | 1085 |  | 
| Select group hotkey | 848 |  | 
| Use ability | 352 |  | 
                6029 total
 » units 
                
                | Peasant | 21 |  | 
| Priest | 2 |  | 
| Gryphon Rider | 7 |  | 
| Dragonhawk Rider | 1 |  | 
                31 total
 » upgrades
                
                | Masonry | 3 |  | 
| Armor | 3 |  | 
| Lumber Harvesting | 2 |  | 
| Priest Training | 2 |  | 
| Magic Sentry | 1 |  | 
| Animal War Training | 1 |  | 
| Storm Hammers | 1 |  | 
| Swords | 3 |  | 
| Cloud | 1 |  | 
                17 total
 » buildings
                
                | Altar of Kings | 1 |  | 
| Lumber Mill | 1 |  | 
| Farm | 12 |  | 
| Scout Tower | 109 |  | 
| Arcane Tower | 25 |  | 
| Guard Tower | 116 |  | 
| Blacksmith | 2 |  | 
| Keep | 2 |  | 
| Arcane Vault | 2 |  | 
| Castle | 1 |  | 
| Arcane Sanctum | 2 |  | 
| Gryphon Aviary | 3 |  | 
| Barracks | 1 |  | 
| Town Hall | 2 |  | 
                279 total
 » build order
                00:08 Altar of Kings
00:19 Lumber Mill
00:32 Farm
00:34 Farm
01:12 Scout Tower
01:34 Scout Tower
01:40 Scout Tower
01:41 Scout Tower
01:47 Arcane Tower
01:47 Arcane Tower
01:55 Scout Tower
02:00 Guard Tower
02:00 Guard Tower
02:01 Guard Tower
02:03 Scout Tower
02:26 Guard Tower
02:29 Guard Tower
02:29 Guard Tower
02:29 Guard Tower
02:35 Arcane Tower
02:35 Arcane Tower
02:36 Guard Tower
02:36 Guard Tower
02:38 Scout Tower
02:39 Scout Tower
02:46 Scout Tower
02:47 Scout Tower
02:48 Scout Tower
02:49 Scout Tower
03:15 Guard Tower
03:16 Guard Tower
03:17 Scout Tower
03:19 Scout Tower
03:23 Arcane Tower
03:23 Arcane Tower
03:29 Scout Tower
03:55 Arcane Tower
03:55 Arcane Tower
04:20 Guard Tower
04:20 Guard Tower
05:01 Scout Tower
05:02 Scout Tower
05:03 Scout Tower
05:08 Blacksmith
05:10 Blacksmith
05:12 Keep
05:12 Keep
05:26 Scout Tower
05:29 Guard Tower
05:31 Guard Tower
05:31 Guard Tower
05:40 Arcane Vault
06:02 Scout Tower
06:02 Scout Tower
06:08 Scout Tower
06:09 Scout Tower
06:14 Scout Tower
06:15 Scout Tower
06:21 Arcane Tower
06:22 Arcane Tower
06:22 Arcane Tower
06:23 Scout Tower
06:24 Scout Tower
06:34 Guard Tower
06:35 Guard Tower
06:49 Guard Tower
06:56 Guard Tower
06:56 Guard Tower
07:07 Guard Tower
07:08 Guard Tower
07:41 Castle
08:12 Arcane Sanctum
08:18 Arcane Sanctum
08:22 Gryphon Aviary
08:23 Gryphon Aviary
08:23 Gryphon Aviary
08:51 Barracks
09:55 Scout Tower
09:58 Scout Tower
09:58 Scout Tower
10:19 Scout Tower
10:21 Scout Tower
10:22 Scout Tower
10:23 Arcane Tower
10:23 Arcane Tower
10:26 Guard Tower
10:29 Arcane Tower
10:50 Scout Tower
10:51 Scout Tower
10:52 Scout Tower
10:53 Guard Tower
10:54 Guard Tower
10:54 Guard Tower
10:55 Guard Tower
10:55 Guard Tower
10:55 Guard Tower
10:56 Guard Tower
11:22 Scout Tower
11:22 Scout Tower
11:23 Scout Tower
11:24 Guard Tower
11:24 Guard Tower
11:54 Scout Tower
11:55 Scout Tower
11:57 Scout Tower
12:00 Guard Tower
12:00 Guard Tower
12:08 Scout Tower
12:09 Scout Tower
12:09 Scout Tower
12:16 Farm
12:16 Farm
12:25 Guard Tower
12:27 Guard Tower
12:27 Guard Tower
12:55 Guard Tower
12:55 Guard Tower
13:04 Scout Tower
13:06 Scout Tower
13:06 Scout Tower
13:27 Farm
13:28 Farm
13:31 Guard Tower
13:32 Guard Tower
13:34 Scout Tower
13:34 Scout Tower
13:35 Guard Tower
13:35 Guard Tower
13:36 Guard Tower
13:36 Guard Tower
13:36 Guard Tower
13:39 Scout Tower
14:17 Scout Tower
14:18 Scout Tower
14:19 Scout Tower
14:51 Guard Tower
14:52 Guard Tower
15:33 Scout Tower
15:35 Scout Tower
15:36 Scout Tower
16:02 Guard Tower
16:03 Guard Tower
16:04 Scout Tower
16:06 Scout Tower
16:06 Guard Tower
16:07 Guard Tower
16:12 Scout Tower
16:15 Scout Tower
16:18 Scout Tower
16:39 Scout Tower
16:41 Scout Tower
16:41 Scout Tower
16:44 Guard Tower
16:49 Guard Tower
16:50 Guard Tower
17:29 Guard Tower
17:30 Scout Tower
17:31 Scout Tower
17:31 Scout Tower
17:42 Scout Tower
17:43 Scout Tower
17:44 Scout Tower
18:01 Scout Tower
18:02 Scout Tower
18:04 Scout Tower
18:05 Guard Tower
18:05 Guard Tower
18:29 Guard Tower
18:29 Guard Tower
18:38 Guard Tower
18:39 Guard Tower
19:23 Scout Tower
19:24 Scout Tower
19:24 Scout Tower
19:38 Scout Tower
19:40 Scout Tower
19:40 Scout Tower
20:08 Guard Tower
20:09 Scout Tower
20:10 Scout Tower
20:11 Scout Tower
20:11 Scout Tower
20:33 Guard Tower
20:33 Guard Tower
20:36 Scout Tower
20:37 Scout Tower
20:41 Guard Tower
20:42 Guard Tower
20:44 Scout Tower
20:44 Scout Tower
20:53 Guard Tower
20:53 Guard Tower
20:53 Guard Tower
20:57 Scout Tower
21:25 Guard Tower
21:50 Scout Tower
21:51 Scout Tower
21:51 Scout Tower
21:52 Scout Tower
21:53 Scout Tower
22:41 Guard Tower
22:42 Guard Tower
23:02 Guard Tower
23:03 Guard Tower
23:10 Scout Tower
23:28 Scout Tower
23:51 Guard Tower
24:04 Scout Tower
24:04 Scout Tower
24:07 Scout Tower
24:10 Guard Tower
24:10 Guard Tower
25:03 Scout Tower
25:04 Scout Tower
25:04 Scout Tower
27:16 Guard Tower
27:16 Guard Tower
27:18 Scout Tower
27:19 Scout Tower
27:19 Scout Tower
27:20 Scout Tower
31:01 Farm
31:01 Farm
31:04 Farm
31:04 Farm
31:05 Farm
31:06 Farm
35:11 Arcane Vault
50:34 Town Hall
51:09 Scout Tower
51:15 Scout Tower
51:27 Town Hall
51:38 Arcane Tower
51:38 Arcane Tower
51:41 Scout Tower
» items
                
                | Orb of Lightning | 1 |  | 
| Lesser Clarity Potion | 2 |  | 
| Scroll of Town Portal | 1 |  | 
| Healing Salve | 1 |  | 
                5 total
  
               
              
              
SimonRexCutrow (
teal | 83 APM | 4293 actions | 51:47)
              
 5 Demon Hunter 
 3 Mana Burn
 2 Evasion
 5 Pandaren Brewmaster 
 3 Breath of Fire
 2 Drunken Haze
 
                » actions 
                
                | Assign group hotkey | 29 |  | 
| Basic commands | 147 |  | 
| Build / train | 68 |  | 
| ESC pressed | 1 |  | 
| Enter build submenu | 18 |  | 
| Enter hero's abilities submenu | 10 |  | 
| Give item / drop item | 5 |  | 
| Right click | 2365 |  | 
| Select / deselect | 962 |  | 
| Select group hotkey | 477 |  | 
| Use ability | 211 |  | 
                4293 total
 » units 
                
                | Wisp | 18 |  | 
| Dryad | 3 |  | 
| Druid of the Claw | 8 |  | 
| Chimaera | 3 |  | 
                32 total
 » upgrades
                
                | Strength of the Wild | 3 |  | 
| Abolish Magic | 1 |  | 
| Druid of the Claw Training | 2 |  | 
| Mark of the Claw | 1 |  | 
| Corrosive Breath | 1 |  | 
                8 total
 » buildings
                
                | Altar of Elders | 1 |  | 
| Moon Well | 6 |  | 
| Hunter's Hall | 1 |  | 
| Ancient of Wonders | 2 |  | 
| Ancient Protector | 3 |  | 
| Tree of Ages | 1 |  | 
| Ancient of Lore | 2 |  | 
| Tree of Eternity | 1 |  | 
| Ancient of Wind | 1 |  | 
| Chimaera Roost | 2 |  | 
                20 total
 » build order
                00:05 Altar of Elders
00:08 Moon Well
03:30 Hunter's Hall
04:07 Moon Well
04:44 Ancient of Wonders
04:48 Ancient of Wonders
04:59 Ancient Protector
05:02 Ancient Protector
05:05 Ancient Protector
05:39 Tree of Ages
06:41 Moon Well
08:03 Ancient of Lore
08:07 Ancient of Lore
08:45 Tree of Eternity
12:21 Moon Well
13:20 Moon Well
14:17 Ancient of Wind
23:32 Chimaera Roost
23:34 Chimaera Roost
25:22 Moon Well
» items
                
                | Dust of Appearance | 1 |  | 
| Lesser Clarity Potion | 4 |  | 
| Moonstone | 1 |  | 
| Scroll of Regeneration | 1 |  | 
| Orb of Venom | 1 |  | 
| Scroll of Town Portal | 4 |  | 
| Orb of Lightning | 1 |  | 
| Potion of Mana | 1 |  | 
                14 total
  
               
              
              
timisgay.ro (
green | 109 APM | 5627 actions | 51:48)
              
 5 Mountain King 
 3 Storm Bolt
 2 Bash
 5 Paladin 
 3 Holy Light
 2 Divine Shield
 4 Pandaren Brewmaster 
 2 Breath of Fire
 1 Drunken Haze
 1 Drunken Brawler
 
                » actions 
                
                | Assign group hotkey | 116 |  | 
| Basic commands | 12 |  | 
| Build / train | 94 |  | 
| Enter build submenu | 49 |  | 
| Enter hero's abilities submenu | 14 |  | 
| Give item / drop item | 4 |  | 
| Remove unit from queue | 2 |  | 
| Right click | 3837 |  | 
| Select / deselect | 699 |  | 
| Select group hotkey | 537 |  | 
| Use ability | 263 |  | 
                5627 total
 » units 
                
                | Peasant | 17 |  | 
| Dragonhawk Rider | 2 |  | 
                19 total
 » upgrades
                
                | Masonry | 2 |  | 
| Magic Sentry | 1 |  | 
| Lumber Harvesting | 1 |  | 
| Swords | 3 |  | 
| Armor | 2 |  | 
| Priest Training | 1 |  | 
                10 total
 » buildings
                
                | Altar of Kings | 2 |  | 
| Farm | 11 |  | 
| Lumber Mill | 1 |  | 
| Scout Tower | 39 |  | 
| Guard Tower | 18 |  | 
| Arcane Tower | 4 |  | 
| Keep | 3 |  | 
| Blacksmith | 1 |  | 
| Arcane Vault | 2 |  | 
| Arcane Sanctum | 1 |  | 
| Gryphon Aviary | 2 |  | 
| Barracks | 1 |  | 
| Castle | 2 |  | 
| Town Hall | 1 |  | 
                88 total
 » build order
                00:02 Altar of Kings
00:07 Farm
00:11 Lumber Mill
00:21 Scout Tower
01:14 Guard Tower
01:14 Guard Tower
01:16 Scout Tower
01:20 Farm
01:46 Scout Tower
01:47 Scout Tower
02:15 Arcane Tower
02:15 Arcane Tower
02:26 Guard Tower
02:26 Guard Tower
02:42 Scout Tower
02:54 Scout Tower
03:11 Guard Tower
03:15 Scout Tower
03:16 Scout Tower
04:38 Guard Tower
04:45 Keep
04:46 Keep
04:46 Keep
04:51 Scout Tower
04:52 Scout Tower
04:53 Scout Tower
04:54 Scout Tower
04:54 Scout Tower
04:55 Scout Tower
05:24 Arcane Tower
05:31 Guard Tower
05:31 Guard Tower
05:37 Scout Tower
05:41 Scout Tower
05:50 Blacksmith
05:56 Arcane Vault
05:59 Guard Tower
06:02 Scout Tower
06:02 Scout Tower
06:03 Scout Tower
06:03 Scout Tower
06:04 Scout Tower
06:05 Scout Tower
06:22 Guard Tower
06:32 Guard Tower
07:03 Farm
07:05 Farm
07:06 Farm
07:11 Guard Tower
07:12 Guard Tower
07:37 Arcane Sanctum
08:24 Guard Tower
10:33 Gryphon Aviary
11:27 Gryphon Aviary
11:32 Farm
11:35 Farm
12:00 Scout Tower
12:01 Scout Tower
12:01 Scout Tower
12:03 Scout Tower
12:04 Scout Tower
12:04 Scout Tower
12:05 Scout Tower
13:32 Barracks
13:51 Guard Tower
13:51 Guard Tower
15:22 Castle
15:23 Castle
15:24 Guard Tower
15:24 Guard Tower
15:39 Arcane Vault
18:23 Scout Tower
18:24 Scout Tower
18:25 Scout Tower
18:25 Scout Tower
18:27 Scout Tower
18:28 Scout Tower
18:28 Scout Tower
18:29 Scout Tower
18:30 Scout Tower
18:31 Scout Tower
25:37 Town Hall
26:05 Altar of Kings
26:05 Farm
26:06 Farm
26:07 Farm
26:07 Farm
» items
                
                | Scroll of Speed | 1 |  | 
| Boots of Speed | 1 |  | 
| Staff of Teleportation | 1 |  | 
| Healing Salve | 1 |  | 
| Lesser Clarity Potion | 2 |  | 
| Staff of Sanctuary | 2 |  | 
| Scroll of Town Portal | 1 |  | 
| Orb of Fire | 1 |  | 
                10 total
  
               team 2 (loser) 
              
              
Brigitte_ (
purple | 99 APM | 5036 actions | 50:52)
              
 8 Blademaster 
 3 Wind Walk
 3 Critical Strike
 1 Bladestorm
 1 Mirror Image
 
                » actions 
                
                | Assign group hotkey | 294 |  | 
| Basic commands | 29 |  | 
| Build / train | 96 |  | 
| Enter build submenu | 33 |  | 
| Enter hero's abilities submenu | 9 |  | 
| Remove unit from queue | 1 |  | 
| Right click | 2767 |  | 
| Select / deselect | 461 |  | 
| Select group hotkey | 805 |  | 
| Use ability | 541 |  | 
                5036 total
 » units 
                
                | Peon | 16 |  | 
| Raider | 27 |  | 
| Troll Batrider | 15 |  | 
                58 total
 » upgrades
                
                | Melee Weapons | 3 |  | 
| Pillage | 1 |  | 
| Ensnare | 1 |  | 
| Armor | 3 |  | 
| Reinforced Defenses | 1 |  | 
                9 total
 » buildings
                
                | Altar of Storms | 1 |  | 
| Orc Burrow | 8 |  | 
| War Mill | 1 |  | 
| Voodoo Lounge | 1 |  | 
| Watch Tower | 17 |  | 
| Stronghold | 1 |  | 
| Beastiary | 2 |  | 
| Fortress | 1 |  | 
| Barracks | 2 |  | 
                34 total
 » build order
                00:04 Altar of Storms
00:19 Orc Burrow
00:38 War Mill
01:09 Voodoo Lounge
01:50 Watch Tower
02:18 Watch Tower
02:56 Watch Tower
03:14 Stronghold
03:32 Watch Tower
03:57 Orc Burrow
04:29 Orc Burrow
04:59 Orc Burrow
05:39 Beastiary
05:42 Beastiary
06:00 Watch Tower
06:01 Watch Tower
11:08 Fortress
12:14 Barracks
12:14 Barracks
13:56 Watch Tower
14:00 Watch Tower
14:01 Watch Tower
18:00 Watch Tower
18:07 Watch Tower
18:28 Watch Tower
18:29 Watch Tower
19:03 Watch Tower
19:06 Watch Tower
19:48 Orc Burrow
20:28 Watch Tower
20:28 Watch Tower
43:22 Orc Burrow
43:57 Orc Burrow
44:18 Orc Burrow
» items
                
                | Healing Salve | 3 |  | 
| Lesser Clarity Potion | 7 |  | 
| Scroll of Speed | 6 |  | 
| Scroll of Town Portal | 1 |  | 
                17 total
  
               
              
              
Keira (
red | 44 APM | 2275 actions | 51:46)
              
 3 Blademaster 
 2 Wind Walk
 1 Critical Strike
 
                » actions 
                
                | Assign group hotkey | 33 |  | 
| Basic commands | 67 |  | 
| Build / train | 58 |  | 
| ESC pressed | 2 |  | 
| Enter build submenu | 18 |  | 
| Enter hero's abilities submenu | 3 |  | 
| Remove unit from queue | 1 |  | 
| Right click | 1341 |  | 
| Select / deselect | 239 |  | 
| Select group hotkey | 263 |  | 
| Use ability | 250 |  | 
                2275 total
 » units 
                
                | Peon | 10 |  | 
| Troll Batrider | 11 |  | 
| Wind Rider | 4 |  | 
| Raider | 13 |  | 
                38 total
 » upgrades
                
                | Pillage | 0 |  | 
| Ranged Weapons | 3 |  | 
| Liquid Fire | 1 |  | 
| Envenomed Spears | 1 |  | 
| Ensnare | 1 |  | 
| Melee Weapons | 3 |  | 
| Armor | 3 |  | 
                12 total
 » buildings
                
                | Altar of Storms | 1 |  | 
| Orc Burrow | 7 |  | 
| War Mill | 1 |  | 
| Voodoo Lounge | 1 |  | 
| Watch Tower | 10 |  | 
| Stronghold | 1 |  | 
| Beastiary | 4 |  | 
| Fortress | 1 |  | 
                26 total
 » build order
                00:07 Altar of Storms
00:19 Orc Burrow
00:38 War Mill
01:26 Voodoo Lounge
01:58 Watch Tower
02:13 Watch Tower
02:31 Watch Tower
03:14 Stronghold
04:14 Orc Burrow
04:15 Orc Burrow
04:21 Watch Tower
04:22 Watch Tower
04:25 Watch Tower
05:17 Orc Burrow
05:42 Beastiary
05:45 Beastiary
05:49 Beastiary
05:54 Beastiary
06:12 Watch Tower
06:21 Watch Tower
07:40 Fortress
09:15 Orc Burrow
13:52 Watch Tower
13:54 Watch Tower
19:20 Orc Burrow
19:22 Orc Burrow
» items
                 
               
              
              
n0-4cc0unt (
blue | 64 APM | 3276 actions | 51:03)
              
 8 Blademaster 
 3 Wind Walk
 3 Critical Strike
 1 Bladestorm
 1 Mirror Image
 
                » actions 
                
                | Assign group hotkey | 26 |  | 
| Basic commands | 69 |  | 
| Build / train | 65 |  | 
| Enter build submenu | 22 |  | 
| Enter hero's abilities submenu | 8 |  | 
| Remove unit from queue | 1 |  | 
| Right click | 1861 |  | 
| Select / deselect | 394 |  | 
| Select group hotkey | 709 |  | 
| Use ability | 121 |  | 
                3276 total
 » units 
                » upgrades
                
                | Melee Weapons | 1 |  | 
| Ranged Weapons | 3 |  | 
| Armor | 2 |  | 
| Burning Oil | 1 |  | 
                7 total
 » buildings
                
                | Altar of Storms | 1 |  | 
| Orc Burrow | 7 |  | 
| War Mill | 1 |  | 
| Voodoo Lounge | 1 |  | 
| Watch Tower | 7 |  | 
| Stronghold | 2 |  | 
| Barracks | 4 |  | 
| Fortress | 1 |  | 
                24 total
 » build order
                00:06 Altar of Storms
00:20 Orc Burrow
00:39 War Mill
01:11 Voodoo Lounge
02:00 Watch Tower
02:14 Watch Tower
02:51 Watch Tower
04:29 Stronghold
04:29 Stronghold
04:39 Watch Tower
05:55 Watch Tower
06:52 Barracks
06:57 Barracks
07:16 Barracks
07:44 Orc Burrow
07:47 Orc Burrow
08:08 Orc Burrow
09:03 Watch Tower
09:07 Watch Tower
09:09 Fortress
14:47 Orc Burrow
14:48 Orc Burrow
14:51 Orc Burrow
23:15 Barracks
» items
                
                | Healing Salve | 1 |  | 
| Lesser Clarity Potion | 3 |  | 
| Scroll of Speed | 1 |  | 
| Boots of Speed | 1 |  | 
| Staff of Teleportation | 1 |  | 
| Dust of Appearance | 1 |  | 
| Orb of Lightning | 1 |  | 
| Scroll of Town Portal | 1 |  | 
                10 total
  
               
              
              
noSpr1te (
orange | 51 APM | 2478 actions | 48:44)
              
 9 Blademaster 
 3 Wind Walk
 3 Critical Strike
 1 Bladestorm
 2 Mirror Image
 
                » actions 
                
                | Assign group hotkey | 26 |  | 
| Basic commands | 101 |  | 
| Build / train | 69 |  | 
| ESC pressed | 5 |  | 
| Enter build submenu | 38 |  | 
| Enter hero's abilities submenu | 9 |  | 
| Right click | 567 |  | 
| Select / deselect | 547 |  | 
| Select group hotkey | 918 |  | 
| Use ability | 198 |  | 
                2478 total
 » units 
                
                | Peon | 10 |  | 
| Shaman | 6 |  | 
| Tauren | 7 |  | 
| Troll Witch Doctor | 5 |  | 
                28 total
 » upgrades
                
                | Melee Weapons | 3 |  | 
| Shaman Training | 2 |  | 
| Armor | 2 |  | 
| Reinforced Defenses | 1 |  | 
| Pulverize | 1 |  | 
| Spirit Walker Training | 2 |  | 
| Witch Doctor Training | 2 |  | 
                13 total
 » buildings
                
                | Altar of Storms | 1 |  | 
| Orc Burrow | 7 |  | 
| War Mill | 1 |  | 
| Voodoo Lounge | 1 |  | 
| Watch Tower | 20 |  | 
| Stronghold | 1 |  | 
| Fortress | 1 |  | 
| Spirit Lodge | 1 |  | 
| Tauren Totem | 2 |  | 
| Great Hall | 1 |  | 
                36 total
 » build order
                00:04 Altar of Storms
00:14 Orc Burrow
00:43 War Mill
01:09 Voodoo Lounge
01:59 Watch Tower
02:31 Watch Tower
02:50 Watch Tower
03:04 Watch Tower
03:09 Watch Tower
03:12 Watch Tower
03:30 Watch Tower
03:44 Watch Tower
04:28 Stronghold
04:57 Orc Burrow
05:08 Watch Tower
05:22 Orc Burrow
05:30 Watch Tower
07:02 Fortress
07:18 Spirit Lodge
07:36 Orc Burrow
09:29 Tauren Totem
09:30 Tauren Totem
11:10 Orc Burrow
14:41 Orc Burrow
14:42 Orc Burrow
27:21 Great Hall
27:44 Watch Tower
27:45 Watch Tower
27:46 Watch Tower
27:47 Watch Tower
28:32 Watch Tower
30:35 Watch Tower
30:43 Watch Tower
31:36 Watch Tower
31:57 Watch Tower
32:29 Watch Tower
» items
                
                | Healing Salve | 2 |  | 
| Lesser Clarity Potion | 6 |  | 
| Scroll of Speed | 1 |  | 
| Potion of Healing | 1 |  | 
| Boots of Speed | 1 |  | 
| Orb of Lightning | 1 |  | 
| Scroll of Town Portal | 1 |  | 
                13 total
  
                Chat log
          (00:50 / All) Brigitte_: wen würdet ihr wählen
(00:54 / All) SimonRexCutrow: Hello gents.
(00:58 / All) n0-4cc0unt: kotstulle
(01:02 / All) SimonRexCutrow: Excuse me?
(01:02 / All) n0-4cc0unt: oder einlauf?
(01:07 / All) SimonRexCutrow: huh
(01:11 / All) Keira: ich hab Galle gebrochen
(01:20 / All) LetsPlayDota.se: sjörgismar det ar och frägärten
(01:50 / Allies) SimonRexCutrow: for more gold production
(03:11 / Allies) SimonRexCutrow: fuck
(03:12 / Allies) SimonRexCutrow: ing
(03:31 / Allies) SimonRexCutrow: ill help u out
(03:38 / Allies) SimonRexCutrow: by towering the rest of my base
(04:12 / Allies) SimonRexCutrow: woahwoah
(11:28 / Allies) SimonRexCutrow: chim vs 4 orcs?
(11:30 / Allies) SimonRexCutrow: woah
(12:43 / Allies) SimonRexCutrow: gogo
(18:30 / Allies) SimonRexCutrow: creep mid?
(21:51 / Allies) SimonRexCutrow: only raiders
(28:25 / Allies) SimonRexCutrow: gold
(42:22 / All) Brigitte_: zack
(47:38 / All) SimonRexCutrow: zack
(47:41 / All) MrGoodmanners: BOOM
(47:42 / All) MrGoodmanners: HEADSHOT
(47:43 / All) timisgay.ro: Zachary?
(47:46 / All) noSpr1te: noobs
(47:58 / All) SimonRexCutrow: holy
(48:01 / All) SimonRexCutrow: woabh
(48:44 / All) noSpr1te: fucking noobs only luck fu
(48:49 / All) SimonRexCutrow: Lmao
(48:51 / All) SimonRexCutrow: zack
(48:53 / All) n0-4cc0unt: spirit is the noob
(48:54 / All) timisgay.ro: gg fagnoob zack
(48:56 / All) SimonRexCutrow: zack
(48:58 / All) n0-4cc0unt: hge got 1k gold
(49:04 / All) n0-4cc0unt: and dont give it to the ally
(49:09 / All) n0-4cc0unt: with the bats
(49:23 / All) SimonRexCutrow: yo mama 
(49:26 / All) SimonRexCutrow: didn't give the gold
(49:28 / All) SimonRexCutrow: zack
(50:06 / Allies) SimonRexCutrow: walkin my tree
(50:08 / Allies) SimonRexCutrow: das
(50:08 / Allies) SimonRexCutrow: d
(50:09 / Allies) SimonRexCutrow: asd
(50:55 / All) timisgay.ro: gg noobs
(50:58 / All) LetsPlayDota.se: we'/re in teh pipe
(51:00 / All) SimonRexCutrow: zacking noobs
(51:01 / All) n0-4cc0unt: gg dein vater
(51:01 / All) LetsPlayDota.se: five by five..........
(51:19 / All) timisgay.ro: no.. your dead.